 Dungeon Crawl Stone Soup version 0.29.1-15-g9cfb28693d (webtiles) character file.

Game seed: 9828344089340933716

2572 croobank the Covert (level 9, -2/62 HPs)
             Began as an Octopode Delver on Mar 6, 2023.
             Was an Initiate of Gozag.
             Slain by a sky beast (6 damage)
             ... on level 7 of the Dungeon.
             The game lasted 00:20:46 (5989 turns).

croobank the Covert (Octopode Delver)               Turns: 5989, Time: 00:20:47

Health: -2/62      AC:  1    Str: 11    XL:     9   Next: 57%
Magic:  12/12      EV: 13    Int: 17    God:    Gozag
Gold:   438        SH:  6    Dex:  9    Spells: 9/12 levels left

rFire   . . .      SeeInvis .   E - +1 short sword (venom)
rCold   . . .      Faith    .   r - +2 buckler
rNeg    . . .      Spirit   .   w - +0 hat of Fallacy {rPois Regen+ rCorr Dex-4}
rPois   +          Reflect  .   F - amulet of the acrobat
rElec   .          Harm     .   o - ring of resist corrosion
rCorr   +          Rampage  .   (no ring)
Will    .....                   (no ring)
Stlth   +++++.....              (no ring)
HPRegen 1.00/turn               (no ring)
MPRegen 0.13/turn               (no ring)
                                (no ring)
                                (no ring)

@: no status effects
A: almost no armour, amphibious, 8 rings, camouflage 1, gelatinous body 1,
(nimble swimmer 1), tentacles
a: Renounce Religion, Potion Petition, Call Merchant, Bribe Branch


You were on level 7 of the Dungeon.
You worshipped Gozag.
Gozag was aware of your devotion.
You visited 2 branches of the dungeon, and saw 8 of its levels.

You collected 604 gold pieces.
You spent 70 gold pieces at shops.
You paid 96 gold pieces to Gozag.

Inventory:

Hand Weapons
 a - a +0 hand axe
 d - a +1 glaive of pain
 l - a +0 short sword of draining
 p - a +3 spear of freezing
 u - a +0 dagger of electrocution
 x - the +9 spear of the Sage {venom, rElec rCorr Str-2 Int-5}
   (You found it on level 4 of the Dungeon)

   It poisons the flesh of those it strikes.
   Str:       It affects your strength (-2).
   Int:       It affects your intelligence (-5).
   rElec:     It insulates you from electricity.
   rCorr:     It protects you from acid and corrosion.
 D - a +2 flail of holy wrath
 E - a +1 short sword of venom (weapon)
Missiles
 g - 3 boomerangs (quivered)
 i - 25 poisoned darts
 H - 2 curare-tipped darts
Armour
 r - a +2 buckler (worn)
 s - an orb of wrath
 w - the +0 hat of Fallacy (worn) {rPois Regen+ rCorr Dex-4}
   (You acquired it on level 4 of the Dungeon)

   Dex:       It affects your dexterity (-4).
   rPois:     It protects you from poison.
   Regen:     It increases your rate of health regeneration.
   rCorr:     It protects you from acid and corrosion.
Jewellery
 o - a ring of resist corrosion (left tentacle)
 F - an amulet of the acrobat (around mantle)
Wands
 f - a wand of digging (3)
 v - a wand of acid (5)
 B - a wand of polymorph (9)
Scrolls
 b - a scroll of fog
 c - 2 scrolls of magic mapping
 y - 3 scrolls of teleportation
 z - a scroll of vulnerability
Potions
 e - a potion of haste
 h - a potion of resistance
 j - a potion of lignification
 k - 5 potions of curing
 m - a potion of brilliance
 n - 2 potions of ambrosia
 q - 2 potions of attraction
 t - 3 potions of heal wounds
 A - 2 potions of cancellation
 C - a potion of mutation
 G - a potion of flight


   Skills:
 + Level 6.2 Fighting
 + Level 5.6 Axes
 + Level 5.6 Dodging
 + Level 10.1 Stealth
 - Level 4.0 Shields
 * Level 2.4 Spellcasting
 * Level 2.7 Conjurations
 * Level 2.6 Earth Magic


You had 9 spell levels left.
You knew the following spells:

 Your Spells              Type           Power      Damage    Failure   Level
a - Stone Arrow           Conj/Erth      22%        3d8       24%         3

Your spell library contained the following spells:

 Spells                   Type           Power      Damage    Failure   Level
 Sandblast                Erth           22%        2d7       8%          1
 Passwall                 Tmut/Erth      5%         N/A       21%         2


Dungeon Overview and Level Annotations

Branches:
Dungeon (7/15)             Temple (1/1) D:5

Altars:
Ashenzari
Cheibriados
Dithmenos
Elyvilon
Fedhas
Gozag
Hepliaklqana
Kikubaaqudgha
Makhleb
Nemelex Xobeh
Okawaru
Ru
Sif Muna
Trog
Uskayaw
Vehumet
Xom
Zin
The Shining One

Shops:
D:1 =   D:4 ?


Innate Abilities, Weirdness & Mutations

You cannot wear most types of armour.
You are amphibious.
You can wear up to eight rings at the same time.
Your skin changes colour to match your surroundings (Stealth+).
Your rubbery body absorbs attacks. (AC +1, EV +1)
((You are camouflaged when in or above water. (Stealth+)))
You have tentacles for arms and can constrict up to eight enemies at once.


Message History

You hit the bullfrog.
The bullfrog is poisoned.
Your grab misses the bullfrog.
The bullfrog is heavily wounded.
You block the bullfrog's attack. The bullfrog misses you.
You hit the bullfrog.
The bullfrog looks even sicker.
You grab the bullfrog. You squeeze the bullfrog!
You kill the bullfrog!
No target in view!
You now have 438 gold pieces (gained 14).
A sky beast comes into view.
Things that are here:
a +3 spear of freezing; a +0 robe
p - a +3 spear of freezing A sky beast is nearby!
You hit the sky beast.
The sky beast is poisoned.
The sky beast is lightly wounded.
The sky beast hits you. The sky beast shocks you.
You hit the sky beast but do no damage.
The sky beast looks as sick as possible!
The sky beast is lightly wounded.
The sky beast hits you. The sky beast shocks you.
You closely miss the sky beast. Your squeeze misses the sky beast.
The sky beast is heavily wounded.
The sky beast flickers out of sight!
Deactivating autopickup; reactivate with Ctrl-A.
Something hits you. Something shocks you. Something hits you.
Something shocks you.
You are too injured to fight recklessly!
You hit something but do no damage. Something hits you. Something shocks you.
You hit something but do no damage. Something hits you. Something shocks you.
* * * LOW HITPOINT WARNING * * *
You hit something but do no damage. Your squeeze misses something.
Something hits you.
* * * LOW HITPOINT WARNING * * *
Something shocks you.
* * * LOW HITPOINT WARNING * * *
You closely miss something. Your squeeze misses something. Something hits you.
* * * LOW HITPOINT WARNING * * *
Something shocks you.
You die...
Your body crumbles into a pile of gold.

..................>...... ..
........................##...
..............#..............
.....)..#.....##.............
..#................#.........
..##...........#...##........
........#....................
.......##..#.#..............#
<..#...###..###.@[.....##...#
#.###..........{###..........
#.# #.....##[#...$.......#.##
### ##......###.####.#####
#.....## ### #.# ##...## ###
#####


There were no monsters in sight!

Vanquished Creatures
  Sigmund (D:5)
  A steam dragon (D:6)
  Edmund (D:5)
  A sky beast (D:7)
  An orc warrior (D:6)
  A black bear (D:6)
  2 ogres
  A phantom (D:6)
  A centaur (D:6)
  5 bullfrogs
  A kobold brigand (D:6)
  A necrophage (D:6)
  2 scorpions (D:6)
  4 wights (D:7)
  A howler monkey (D:6)
  7 hounds
  2 jellies
  2 gnoll boudas
  Terence (D:3)
  3 iguanas
  3 orc wizards (D:5)
  9 gnolls
  6 adders
  A white imp (D:5)
  2 worms
  2 dart slugs
  19 orcs
  5 ball pythons
  6 bats
  5 endoplasms
  2 giant cockroaches
  6 goblins
  9 hobgoblins
  3 quokkas
  5 frilled lizards
  8 kobolds
  5 rats
135 creatures vanquished.

Notes
Turn   | Place    | Note
-------+----------+-------------------------------------------
     0 | D:5      | croobank the Octopode Delver began the quest for the Orb.
     0 | D:5      | Reached XP level 1. HP: 16/16 MP: 1/1
     5 | D:6      | Noticed a scorpion
    40 | D:6      | Noticed a steam dragon
   238 | D:3      | Found a burning altar of Makhleb.
   239 | D:3      | Found a broken altar of Ashenzari.
   242 | D:3      | Found a hazy altar of Hepliaklqana.
   283 | D:2      | Reached XP level 2. HP: 21/21 MP: 2/2
   729 | D:1      | Found Xyinwif's Jewellery Emporium.
   792 | D:1      | Reached XP level 3. HP: 25/26 MP: 3/3
  1033 | D:1      | Reached skill level 7 in Stealth
  1389 | D:2      | Reached XP level 4. HP: 5/31 MP: 4/4
  1821 | D:2      | Found a faded altar of an unknown god.
  2578 | D:3      | Noticed Terence
  2587 | D:3      | Killed Terence
  2588 | D:3      | Reached skill level 1 in Shields
  2588 | D:3      | Reached XP level 5. HP: 32/37 MP: 5/5
  2689 | D:3      | Noticed an ogre
  2699 | D:3      | Killed an ogre
  3200 | D:4      | Identified the +9 spear of the Sage {venom, rElec rCorr
                  | Str-2 Int-5}
  3342 | D:4      | Reached XP level 6. HP: 43/43 MP: 6/6
  3358 | D:4      | Found Ocvoi's Magic Scroll Shoppe.
  3366 | D:4      | Bought a scroll of noise for 10 gold pieces
  3366 | D:4      | Bought 3 scrolls of identify for 60 gold pieces
  3370 | D:4      | Identified a scroll of acquirement
  3370 | D:4      | Acquired the +0 hat of Fallacy {rPois Regen+ rCorr Dex-4}
  3603 | D:5      | Identified the +0 leather armour "Qegimyra" {Str+3 Int+5}
  3858 | D:5      | Found a staircase to the Ecumenical Temple.
  3881 | Temple   | Entered the Ecumenical Temple
  3893 | Temple   | Became a worshipper of Gozag Ym Sagoz the Greedy
  4092 | D:5      | Reached XP level 7. HP: 41/48 MP: 7/7
  4096 | D:5      | Reached skill level 8 in Stealth
  4193 | D:5      | Noticed Edmund
  4198 | D:5      | Killed Edmund
  4233 | D:5      | Noticed Sigmund
  4240 | D:5      | Killed Sigmund
  4536 | D:6      | Found a glowing silver altar of Zin.
  4570 | D:6      | Killed a steam dragon
  4571 | D:6      | Reached skill level 5 in Fighting
  4571 | D:6      | Reached XP level 8. HP: 27/55 MP: 8/8
  4766 | D:6      | Reached skill level 9 in Stealth
  4937 | D:6      | Reached skill level 5 in Dodging
  4951 | D:6      | Reached skill level 5 in Axes
  5023 | D:6      | Noticed a hornet
  5414 | D:6      | Learned a level 3 spell: Stone Arrow
  5449 | D:6      | Reached skill level 1 in Conjurations
  5449 | D:6      | Reached skill level 1 in Earth Magic
  5449 | D:6      | Reached XP level 9. HP: 25/62 MP: 8/10
  5511 | D:6      | Reached skill level 1 in Spellcasting
  5628 | D:6      | Noticed a cyclops
  5632 | D:6      | Noticed a troll
  5838 | D:7      | Reached skill level 10 in Stealth
  5989 | D:7      | Slain by a sky beast

Illustrated notes

Levels and vault maps discovered:
D:1:      psy_arrival_statuary, layout_basic, serial_corexii_hall,
          corexii_hall_statues_x, corexii_hall_statues_i, serial_shops,
          nicolae_shop_crystal
D:2:      layout_basic, chequers_ecumenical_altar_twisty
D:3:      layout_basic, gammafunk_temple_overflow_forgotten,
          minmay_quadrilaterals, uniq_terence
D:4:      layout_cave_pools, serial_shops, shop_statue
D:5:      layout_rooms, minmay_temple_entry_junction_2, sigmund_edmund_badplayer
D:6:      kennysheep_windowed_halls, layout_basic, mainiacjoe_overflow_alcove_2
D:7:      layout_cave_pools, kennysheep_mini_moat, mainiacjoe_overflow_alcove_4
Temple:   nicolae_temple_superstar

Skill      XL: |  1  2  3  4  5  6  7  8  9 |
---------------+----------------------------+-----
Stealth        | 7 8 9 10 | 10.1
Shields        | 1 2 3 4 |  4.0
Axes           | 3 4 5 |  5.6
Dodging        | 3 4 5 |  5.6
Fighting       | 4 5 6 |  6.2
Conjurations   | 1 2 |  2.7
Earth Magic    | 1 2 |  2.6
Spellcasting   | 2 |  2.4

Action                   |  1- 3 |  4- 6 |  7- 9 || total
-------------------------+-------+-------+-------++-------
Melee: Hand axe          |    53 |       |       ||    53
       Tentacles         |    14 |    14 |    43 ||    71
       Constrict         |    15 |    25 |    27 ||    67
       Short sword       |    15 |    55 |    69 ||   139
       Spear             |       |    66 |    98 ||   164
       Punch             |       |       |     2 ||     2
Evoke: Wand              |       |     2 |     4 ||     6
  Use: Scroll            |       |    12 |     4 ||    16
       Potion            |       |       |     1 ||     1
 Stab: Sleeping          |    10 |    14 |     6 ||    30
       Distracted        |       |       |     3 ||     3
Armor: Skin              |     4 |     5 |     2 ||    11
Dodge: Dodged            |    38 |    57 |    95 ||   190
Block: Buckler           |       |    30 |    42 ||    72
